 Dungeon Crawl Stone Soup version 0.25.1-2-g60ff931df9 (webtiles) character file.

Game seed: 8932558710730168382

410 DogServant the Slinger (level 7, 0/44 HPs)
             Began as a Halfling Hunter on Oct 16, 2020.
             Slain by an orc
             ... wielding a +0 club
              (5 damage)
             ... on level 5 of the Dungeon on Oct 17, 2020.
             The game lasted 00:07:44 (5294 turns).

DogServant the Slinger (Halfling Hunter)            Turns: 5294, Time: 00:07:44

Health: 0/44       AC:  3    Str: 13    XL:     7   Next: 13%
Magic:  7/7        EV: 13    Int:  9    God:
Gold:   107        SH:  0    Dex: 17    Spells: 6/6 levels left

rFire    . . .     SeeInvis .   b - +0 short sword
rCold    . . .     Gourm    .   (shield restricted)
rNeg     . . .     Faith    .   c - +0 leather armour
rPois    .         Spirit   .   (no helmet)
rElec    .         Reflect  .   (no cloak)
rCorr    .         Harm     .   (no gloves)
MR       .....                  (no boots)
Stlth    ++........             q - amulet of inaccuracy (curse)
HPRegen  0.14/turn              l - -4 ring of evasion (curse)
MPRegen  0.10/turn              t - +4 ring of slaying

@: mighty
A: small, mutation resistance 1
a: no special abilities


You were on level 5 of the Dungeon.
You were not hungry.

You visited 1 branch of the dungeon, and saw 5 of its levels.

You collected 107 gold pieces.

Inventory:

Hand Weapons
 a - a +1 hunting sling
 b - a +0 short sword (weapon)
Missiles
 d - a sling bullet
Armour
 c - a +0 leather armour (worn)
 i - a +0 pair of gloves
Jewellery
 l - a cursed -4 ring of evasion (left hand)
 q - a cursed amulet of inaccuracy (around neck)
 t - a +4 ring of slaying (right hand)
 v - an uncursed ring of flight {unknown}
Wands
 u - a wand of digging (2)
Scrolls
 j - 2 scrolls of magic mapping {unknown}
 n - a scroll of identify
 w - 2 scrolls of teleportation
Potions
 e - 2 potions of stabbing
 h - a potion of degeneration
 m - a potion of flight {unknown}
 p - 2 potions of heal wounds {unknown}
 r - a potion of haste {unknown}
 s - a potion of curing {unknown}
Comestibles
 f - 9 rations


   Skills:
 - Level 1.7 Fighting
 + Level 9.1 Slings
 + Level 5.0 Dodging
 - Level 3.0 Stealth


You had 6 spell levels left.
You didn't know any spells.
Your spell library contained the following spells:

 Spells                   Type           Power        Failure   Level  Hunger
 Animate Skeleton         Necr           N/A          45%         1    ##.....
 Apportation              Tloc           #.....       45%         1    ##.....
 Corona                   Hex            #......      45%         1    ##.....
 Summon Small Mammal      Summ           #...         45%         1    ##.....


Dungeon Overview and Level Annotations

Branches:
Dungeon (5/15)
 Temple: D:4-7

Altars:
Ashenzari
Wu Jian

Annotations:
D:3 2 transporters, Araneus's ghost, amateur MfFi


Innate Abilities, Weirdness & Mutations

You are small and have problems with some larger weapons.
You are somewhat resistant to further mutation.


Message History

The orc hits you but does no damage. The orc misses you.
You miss the orc.
The orc is heavily wounded.
The orc hits you but does no damage. The orc misses you.
The orc closely misses you.
You closely miss the orc.
The orc is heavily wounded.
The orc hits you with a +0 club.
* * * LOW HITPOINT WARNING * * *
The orc hits you with a +0 short sword.
* * * LOW HITPOINT WARNING * * *
You miss the orc.
The orc is heavily wounded.
The orc barely misses you. The orc hits you with a +0 short sword.
* * * LOW HITPOINT WARNING * * *
You puncture the orc!
You kill the orc!
The orc closely misses you.
You closely miss the orc. The orc hits you with a +0 club.
You die...

########## ######
#........########.....
#....)o>........'.....
#(.).@)..########.....
#######(## ###### .(..
.(.(..# ..(....#
o.....((# .........#
######...(.


You could see an orc.

Vanquished Creatures
  A crimson imp (D:5)
  3 orc priests
  An orc wizard (D:5)
  An iguana (D:5)
  Ijyb (D:4)
  A worker ant zombie (D:5)
  7 adders
  2 adder skeletons
  A worm (D:3)
  A dart slug (D:3)
  4 leopard geckos (D:1)
  16 orcs
  10 bats
  7 giant cockroaches
  8 goblins
  7 hobgoblins (D:1)
  13 jackals
  5 kobolds
  A quokka (D:4)
  4 ball pythons
  3 frilled lizards
  A quokka skeleton (D:4)
  8 rats
106 creatures vanquished.

Notes
Turn   | Place    | Note
-------+----------+-------------------------------------------
     0 | D:1      | DogServant the Halfling Hunter began the quest for the Orb.
     0 | D:1      | Reached XP level 1. HP: 14/14 MP: 1/1
   127 | D:1      | Reached skill level 6 in Slings
   216 | D:1      | Reached XP level 2. HP: 19/19 MP: 2/2
   544 | D:1      | Reached XP level 3. HP: 5/24 MP: 3/3
  1935 | D:2      | Found a shattered altar of Ashenzari.
  1969 | D:2      | Reached XP level 4. HP: 29/29 MP: 4/4
  2050 | D:2      | Reached skill level 7 in Slings
  3051 | D:3      | Reached XP level 5. HP: 34/34 MP: 5/5
  3637 | D:3      | Found a transporter.
  3647 | D:3      | Noticed Araneus's ghost (amateur MfFi)
  3649 | D:3      | Noticed an ogre
  3651 | D:3      | Noticed an ogre
  3655 | D:3      | Found a transporter.
  4130 | D:4      | Found an ornate altar of the Wu Jian Council.
  4207 | D:4      | Noticed Ijyb
  4218 | D:4      | Killed Ijyb
  4262 | D:4      | Reached skill level 8 in Slings
  4334 | D:4      | Reached XP level 6. HP: 39/39 MP: 6/6
  5108 | D:5      | Entered Level 5 of the Dungeon
  5125 | D:5      | Noticed an ice beast
  5261 | D:5      | Reached skill level 9 in Slings
  5261 | D:5      | Reached XP level 7. HP: 44/44 MP: 7/7
  5287 | D:5      | Reached skill level 5 in Dodging
  5294 | D:5      | Slain by an orc

Illustrated notes

Levels and vault maps discovered:
D:1:      zelgadis_glass_arrival_large, layout_loops_cross, minivault_24
D:2:      layout_loops_corners, nicolae_overflow_crystal_walls
D:3:      layout_loops_corners, gammafunk_ghost_smash
D:4:      layout_basic, lemuel_round_altar, enter_ossuary_5,
          hangedman_abyss_or_decor_passed, uniq_ijyb
D:5:      layout_basic, elyvilon_altar_5, first_ration

Skill      XL: |  1  2  3  4  5  6  7 |
---------------+----------------------+-----
Slings         | 6 7 8 9 |  9.1
Stealth        | 2 3 |  3.0
Dodging        | 3 4 5 |  5.0
Fighting       | |  1.7

Action                   |  1- 3 |  4- 6 |  7- 9 || total
-------------------------+-------+-------+-------++-------
Melee: Short sword       |   104 |   158 |    18 ||   280
 Fire: Hunting sling     |    48 |   126 |     7 ||   181
Throw: Boomerang         |       |       |     3 ||     3
  Use: Scroll            |       |     5 |       ||     5
       Potion            |       |     1 |     1 ||     2
 Stab: Sleeping          |     1 |     3 |       ||     4
  Eat: Chunk             |     3 |     9 |       ||    12
       Ration            |       |     1 |       ||     1
Armor: Leather armour    |    18 |    65 |     8 ||    91
       Skin              |       |     4 |       ||     4
Dodge: Dodged            |   112 |   168 |    29 ||   309
